 Dungeon Crawl Stone Soup version 0.27.1-1-g398f81649c (webtiles) character file.

Game seed: 11921911407873343680

660 zdrol the Spear-Bearer (level 7, 0/84 HPs)
             Began as a Merfolk Berserker on Sept 8, 2021.
             Was a Believer of Trog.
             Slain by a wight (6 damage)
             ... on level 5 of the Dungeon.
             The game lasted 00:18:51 (6415 turns).

zdrol the Spear-Bearer (Merfolk Berserker)          Turns: 6415, Time: 00:18:52

Health: 0/84       AC:  3    Str: 19    XL:     7   Next: 56%
Magic:  7/7        EV: 14    Int:  6    God:    Trog [**....]
Gold:   170        SH:  0    Dex: 14    Spells: 6/6 levels left

rFire    . . .     SeeInvis .   a - +0 spear
rCold    . . .     Faith    +   (no shield)
rNeg     . . .     Spirit   .   b - +1 animal skin
rPois    .         Reflect  .   (no helmet)
rElec    .         Harm     .   (no cloak)
rCorr    +         Rampage  .   (no gloves)
Will     .....                  (no boots)
Stlth    ..........             q - amulet of faith
HPRegen  0.24/turn              l - ring of resist corrosion
MPRegen  0.10/turn              (no ring)

@: berserking, very quick
A: (nimble swimmer 2), mertail
a: Renounce Religion, Berserk, Trog's Hand


You were on level 5 of the Dungeon.
You worshipped Trog.
Trog was pleased with you.
You visited 1 branch of the dungeon, and saw 5 of its levels.

You collected 170 gold pieces.

Inventory:

Hand Weapons
 a - a +0 spear (weapon)
Missiles
 m - 3 poisoned darts (quivered)
Armour
 b - a +1 animal skin (worn)
Jewellery
 l - a ring of resist corrosion (left hand)
 q - an amulet of faith (around neck)
Wands
 n - a wand of iceblast (5)
Scrolls
 g - 2 scrolls of summoning
 h - a scroll of teleportation {unknown}
 o - a scroll of noise
 p - 2 scrolls of identify
Potions
 c - 2 potions of lignification
 d - a potion of degeneration {unknown}
 e - a potion of resistance {unknown}
 f - 2 potions of attraction {unknown}
 i - a potion of heal wounds {unknown}
 j - a potion of curing {unknown}
 k - 2 potions of magic {unknown}


   Skills:
 + Level 5.1 Fighting
 + Level 8.7 Polearms
 + Level 0.1 Throwing
 + Level 1.6 Armour
 + Level 4.9 Dodging
 + Level 3.8 Stealth


You had 6 spell levels left.
You didn't know any spells.
Your spell library contained the following spells:

 Spells                   Type           Power      Damage    Failure   Level
 Animate Skeleton         Necr           0%         N/A       45%         1


Dungeon Overview and Level Annotations

Branches:
Dungeon (5/15)
 Temple: D:4-7

Altars:
Elyvilon
Fedhas
Kikubaaqudgha
Makhleb
Sif Muna
Trog
Vehumet

Shops:
D:2 *


Innate Abilities, Weirdness & Mutations

((You are quick and stealthy near water. (Stealth+, EV+, Speed+++)))
Your lower body shifts to a powerful aquatic tail in water.


Message History

Trog accepts your kill.
You puncture the wight!
You destroy the wight!
Trog accepts your kill.
A sky beast appears from thin air!
Reactivating autopickup.
You puncture the sky beast!
The sky beast is heavily wounded.
You hit the sky beast.
The sky beast is heavily wounded.
The sky beast closely misses you.
You miss the sky beast.
The sky beast is heavily wounded.
The wight hits you with a +3 war axe!
You feel drained.
You barely miss the sky beast.
The sky beast is heavily wounded.
The sky beast flickers out of sight!
Deactivating autopickup; reactivate with Ctrl-A.
Something hits you. Something shocks you.
* * * LOW HITPOINT WARNING * * *
You completely miss something. The wight closely misses you.
You puncture something!
A sky beast appears from thin air!
Reactivating autopickup.
The sky beast hits you.
* * * LOW HITPOINT WARNING * * *
The sky beast shocks you.
* * * LOW HITPOINT WARNING * * *
You hit the sky beast.
You kill the sky beast!
Trog accepts your kill. The wight hits you with a +3 war axe.
* * * LOW HITPOINT WARNING * * *
Your life force feels restored.
Your Fighting skill increases to level 5!
You hit the wight.
The wight is lightly damaged.
You barely miss the wight.
The wight is lightly damaged.
The wight hits you with a +3 war axe.
You die...

#....###
#......#######
#............#
##...(.z.......###
....#............#
...###....###..#.#
.....^.........ยงยง#
...............z)#
...........#####@#
...........#######
................#
.#...........##.
#......##.####
#.>...###..# ....###
#..# ....# ###..#
#..####....##


You could see a wight.

Vanquished Creatures
  A sky beast (D:5)
  An ogre (D:4)
  2 scorpions
  2 wights (D:5)
  A bullfrog zombie (D:5)
  An orc priest (D:3)
  A scorpion zombie (D:5)
  3 iguanas
  A hound skeleton (D:5)
  2 adders
  2 worms (D:2)
  4 dart slugs
  4 orcs
  6 bats
  9 endoplasms
  3 giant cockroaches
  4 goblins
  4 hobgoblins
  5 kobolds
  5 quokkas
  8 ball pythons
  3 frilled lizards
  6 rats
78 creatures vanquished.

Vanquished Creatures (others)
  A fungus (D:1)
  A plant (D:1)
2 creatures vanquished.

Grand Total: 80 creatures vanquished

Notes
Turn   | Place    | Note
-------+----------+-------------------------------------------
     0 | D:1      | zdrol the Merfolk Berserker began the quest for the Orb.
     0 | D:1      | Reached XP level 1. HP: 18/18 MP: 1/1
   485 | D:1      | Reached XP level 2. HP: 21/24 MP: 2/2
   781 | D:1      | Reached skill level 5 in Polearms
   933 | D:1      | Found a faded altar of an unknown god.
   947 | D:1      | Got Plato's Catalogue of Evil
   980 | D:1      | Reached ** piety under Trog
   983 | D:1      | Reached XP level 3. HP: 19/30 MP: 3/3
  1118 | D:1      | You fall into a shaft and drop 1 floor!
  1990 | D:2      | Reached skill level 1 in Stealth
  2537 | D:2      | Found Lyakaf's General Store.
  2836 | D:2      | Reached XP level 4. HP: 37/37 MP: 4/4
  3097 | D:3      | You fall into a shaft and drop 1 floor!
  3240 | D:4      | Noticed a scorpion
  3263 | D:4      | Killed a scorpion
  3264 | D:4      | Reached skill level 6 in Polearms
  3264 | D:4      | Reached XP level 5. HP: 12/42 MP: 5/5
  3270 | D:4      | HP: 2/42 [poisoned by a scorpion]
  4207 | D:3      | Found a bloodstained altar of Trog.
  4688 | D:3      | Reached XP level 6. HP: 30/48 MP: 6/6
  4878 | D:3      | Found a burning altar of Makhleb.
  4879 | D:3      | Found an ancient bone altar of Kikubaaqudgha.
  4880 | D:3      | Found a shimmering blue altar of Sif Muna.
  4880 | D:3      | Found a white marble altar of Elyvilon.
  4880 | D:3      | Found a radiant altar of Vehumet.
  4890 | D:3      | Found a blossoming altar of Fedhas.
  5183 | D:4      | Reached skill level 7 in Polearms
  5339 | D:5      | Entered Level 5 of the Dungeon
  5983 | D:5      | Noticed a hornet
  6055 | D:5      | Reached skill level 8 in Polearms
  6055 | D:5      | Reached XP level 7. HP: 32/55 MP: 7/7
  6414 | D:5      | Reached skill level 5 in Fighting
  6415 | D:5      | Slain by a wight

Illustrated notes

Levels and vault maps discovered:
D:1:      arrival_zaba_pyramid, layout_loops_ring,
          shapermc_ecumenical_altar_rom_forum
D:2:      layout_basic, serial_shops, nicolae_shop_window_shopping
D:3:      layout_loops_corners, minitemple, mainiacjoe_overflow_catwalk,
          hex_large, minmay_misc_feat_more_columns, dk_noncrumbling_4,
          minmay_fountain_box, dk_noncrumbling_3
D:4:      layout_cave_pools
D:5:      minmay_octagon_keep, layout_layer_cave

Skill      XL: |  1  2  3  4  5  6  7 |
---------------+----------------------+-----
Polearms       | 5 6 8 |  8.7
Stealth        | 1 2 3 |  3.8
Dodging        | 3 4 |  4.9
Fighting       | 4 5 |  5.1
Throwing       | |  0.1
Armour         | |  1.6

Action                   |  1- 3 |  4- 6 |  7- 9 || total
-------------------------+-------+-------+-------++-------
Melee: Spear             |   124 |   170 |    34 ||   328
Throw: Dart              |       |       |     2 ||     2
Invok: Berserk           |       |     2 |     1 ||     3
       Trog's Hand       |       |     1 |       ||     1
  Use: Scroll            |     1 |     4 |       ||     5
 Stab: Sleeping          |     3 |       |       ||     3
       Distracted        |       |     1 |       ||     1
Armor: Animal skin       |    23 |     9 |     1 ||    33
Dodge: Dodged            |    62 |    89 |    22 ||   173
